 Dungeon Crawl Stone Soup version 0.22.1-2-g9c5b331 (webtiles) character file.

64 Fang the Skirmisher (level 4, -10/29 HPs)
             Began as a Gargoyle Berserker on Dec 12, 2018.
             Was a Believer of Trog.
             Mangled by a gnoll
             ... wielding a +0 halberd
              (11 damage)
             ... on level 2 of the Dungeon.
             The game lasted 00:01:07 (649 turns).

Fang the Skirmisher (Gargoyle Berserker)             Turns: 649, Time: 00:01:07

Health: -10/29     AC: 10    Str: 21    XL:     4   Next: 12%
Magic:  4/4        EV: 11    Int:  8    God:    Trog [**....]
Gold:   72         SH:  0    Dex:  9    Spells: 3/3 levels left

rFire    . . .     SeeInvis .   a - +0 hand axe
rCold    . . .     Gourm    .   (no shield)
rNeg     + . .     Faith    .   h - +0 ring mail
rPois    ∞         Spirit   .   g - +0 helmet
rElec    +         Reflect  .   (no cloak)
rCorr    .         Harm     .   (no gloves)
MR       .....                  (no boots)
Stlth    ..........             (no amulet)
HPRegen  0.09/turn              (no ring)
MPRegen  0.09/turn              (no ring)

@: berserk cooldown, slowed, very slow
A: negative energy resistance 1, electricity resistance, unbreathing,
petrification resistance, rot immunity, AC +3
a: Berserk, Trog's Hand, Renounce Religion


You were on level 2 of the Dungeon.
You worshipped Trog.
Trog was pleased with you.
You were not hungry.

You visited 1 branch of the dungeon, and saw 2 of its levels.

You collected 72 gold pieces.

Inventory:

Hand Weapons
 a - a +0 hand axe (weapon)
Armour
 g - a +0 helmet (worn)
 h - a +0 ring mail (worn)
Scrolls
 d - a scroll of enchant armour {unknown}
 e - a scroll of fog {unknown}
 f - a scroll of blinking {unknown}
Comestibles
 c - 2 rations


   Skills:
 + Level 4.1 Fighting
 + Level 3.3 Axes
 + Level 2.5 Armour
 + Level 2.0 Dodging
 + Level 0.1 Stealth


You had 3 spell levels left.
You didn't know any spells.
Your spell library was empty.

Dungeon Overview and Level Annotations

Branches:
Dungeon (2/15)

Altars:
The Shining One


Innate Abilities, Weirdness & Mutations

You are resistant to torment.
Your stone body is resilient. (AC +3)
You are immune to poison.
You resist negative energy. (rN+)
You are resistant to electric shocks. (rElec)
You can survive without breathing.
You are immune to petrification.
You are immune to rotting.


Message History

The dart slug launches a dart at you. The slug dart hits you!
The gnoll hits you with a halberd.
* * * LOW HITPOINT WARNING * * *
The dart slug launches a dart at you. The slug dart hits you!
The gnoll hits you with a halberd.
* * * LOW HITPOINT WARNING * * *
The goblin wields a hunting sling.
The goblin shoots a stone.
The stone hits you but does no damage. The dart slug completely misses you.
You see here a stone.
Unknown command.
You barely miss the gnoll.
The gnoll is heavily wounded.
You hit the dart slug but do no damage. The gnoll hits you with a halberd.
* * * LOW HITPOINT WARNING * * *
The goblin shoots a stone.
The stone hits you.
* * * LOW HITPOINT WARNING * * *
A quokka comes into view.
The dart slug closely misses you. The gnoll hits you with a halberd!
You die...

..... .. #.#.# ..
#r... . #.#.#.#
..#.#. .
##.#.#.##..... . ..
#............#.#
...##.gwg# #.....#.##
........@#.#........#
...##..)##.#........#
#......(........#
#...##.#.....#..#
#(.....#<.(.....###
##..#######.†.....#
#..#######†)...#.#
##..........#...#
#....†.....##...#


You could see a gnoll, a dart slug, a quokka (wandering) and a goblin.

Vanquished Creatures
  3 gnolls (D:2)
  An ooze (D:1)
  2 dart slugs
  4 bats
  2 giant cockroaches (D:1)
  A hobgoblin (D:2)
  4 jackals (D:2)
  2 kobolds
  A quokka (D:2)
  A frilled lizard (D:1)
  3 goblins (D:1)
  3 rats (D:1)
27 creatures vanquished.

Notes
Turn   | Place    | Note
-------+----------+-------------------------------------------
     0 | D:1      | Fang the Gargoyle Berserker began the quest for the Orb.
     0 | D:1      | Reached XP level 1. HP: 14/14 MP: 1/1
    37 | D:1      | Reached XP level 2. HP: 13/19 MP: 2/2
   204 | D:1      | Found a glowing golden altar of the Shining One.
   534 | D:2      | Reached XP level 3. HP: 24/24 MP: 3/3
   547 | D:2      | Reached ** piety under Trog
   636 | D:2      | Reached skill level 4 in Fighting
   646 | D:2      | Reached XP level 4. HP: 13/29 MP: 4/4
   649 | D:2      | HP: 1/29 [goblin/stone (2)]
   649 | D:2      | Mangled by a gnoll

Skill      XL: |  1  2  3 |
---------------+----------+-----
Axes           | 3 |  3.3
Fighting       | 4 |  4.1
Dodging        | 2 |  2.0
Armour         | |  2.5
Stealth        | |  0.1

Action                   |  1- 3 |  4- 6 || total
-------------------------+-------+-------++-------
Melee: Hand axe          |    65 |     2 ||    67
Invok: Berserk           |     1 |       ||     1
 Stab: Sleeping          |     1 |       ||     1
Armor: Animal skin       |    10 |       ||    10
       Ring mail         |    26 |     3 ||    29
Dodge: Dodged            |    58 |     3 ||    61
